Map: Void Thrashing

Players

wasp

  • Race: Protoss Protoss

larsgj

  • Race: Terran Terran

VOD

Have the link to the VOD?

Description

Time

  • Played on: Sept. 22, 2018, 9:29 a.m.
  • Length: 26:17
Show
View Real Time Build Order
Export as new Build Order

wasp Protoss 

Build Orders:  

Get SALT Encoding   

  1  0:00  Probe x12 (Chrono Boost)  
    0:10  Unknown x3  
  12  0:28  Pylon  
  12  0:44  Pylon  
  12  1:21  Gateway  
  12  1:33  Gateway  
  12  2:12  Assimilator  
  12  2:21  Assimilator  
  12  2:29  Supplicant x2  
  16  2:42  Supplicant x2  
  20  2:57  Supplicant x2  
  24  3:10  Supplicant x2  
  28  4:03  Pylon  
  28  4:12  Pylon  
  28  4:22  Pylon  
  28  4:31  Forge  
  28  4:39  Supplicant x2  
  32  4:42  Pylon  
  30  5:45  Supplicant x2  
  30  5:46  Supplicant x2  
  38  6:13  Supplicant x2  
  42  6:39  Cybernetics Core  
  42  6:49  Gateway  
  42  6:50  Protoss Air Weapons Level 1, Protoss Ground Weapons Level 1  
  42  7:08  Supplicant x2  
  46  7:28  Supplicant x2  
  50  8:44  Nexus, Havoc  
  52  9:30  Probe (Chrono Boost)  
  52  9:47  Probe (Chrono Boost)  
  53  10:03  Probe (Chrono Boost)  
  54  10:20  Probe (Chrono Boost)  
  52  10:37  Probe (Chrono Boost)  
  39  11:38  Robotics Facility  
  39  11:45  Supplicant x2  
  39  11:47  Warp Gate  
  39  11:50  Supplicant x4  
  51  13:20  Supplicant x2  
  51  13:24  Supplicant x2  
  51  13:25  Supplicant x2  
  63  13:38  Warp Prism  
  65  13:52  Supplicant x2  
  69  14:02  Assimilator  
  23  15:03  Warp Prism  
  22  16:03  Supplicant x2  
  22  16:07  Supplicant x2  
  22  16:08  Supplicant x2  
  40  17:02  Supplicant x2  
  36  17:46  Vanguard  
  32  18:57  Supplicant x2  
  32  18:58  Supplicant x2  
  32  18:59  Supplicant x2  
  44  19:26  Vanguard  
  32  20:53  Robotics Bay  
  32  21:06  Supplicant x4  
  23  23:21  Supplicant x2  
  23  23:22  Supplicant x2  
  23  23:23  Supplicant x2  
  17  24:48  Supplicant x4  
Show
View Real Time Build Order
Export as new Build Order

larsgj Terran 

Build Orders:  

Get SALT Encoding   

  1  0:00  Orbital Command, SCV x12  
    0:10  Unknown  
  12  0:23  Supply Depot  
  12  0:39  SCV  
  13  0:56  SCV  
  14  1:05  Barracks  
  14  1:13  SCV  
  15  1:29  Supply Depot  
  15  1:30  SCV  
  15  1:37  Marine  
  16  1:47  SCV  
  18  2:04  SCV  
  18  2:05  Barracks, Marine  
  20  2:21  SCV  
  20  2:26  Supply Depot  
  21  2:37  SCV  
  22  2:42  Marine  
  22  2:43  Marine  
  24  2:52  Marine  
  24  2:53  Marine  
  24  2:54  SCV  
  27  3:06  Marine, Supply Depot  
  28  3:11  Marine, SCV  
  30  3:21  Marine  
  30  3:25  Marine  
  30  3:28  SCV  
  33  3:36  Marine  
  33  3:38  Marine  
  34  3:45  SCV  
  36  3:52  Supply Depot  
  36  3:55  Marine  
  37  4:00  Marine  
  37  4:02  SCV  
  39  4:13  Marine  
  39  4:18  Marine  
  39  4:19  SCV  
  41  4:24  Marine  
  43  4:33  Supply Depot  
  43  4:36  SCV  
  43  4:38  Marine  
  45  4:53  SCV  
  45  4:58  Refinery  
  46  5:01  Refinery  
  46  5:10  SCV  
  47  5:49  Barracks  
  47  6:04  SCV  
  48  6:17  Supply Depot  
  48  6:21  SCV  
  48  6:26  Command Center  
  49  6:38  SCV  
  50  6:40  Marine x2  
  50  6:49  Supply Depot  
  52  6:50  Marine  
  52  6:55  SCV  
  52  6:58  Barracks Tech Lab  
  55  7:01  Marine  
  56  7:12  SCV  
  56  7:16  Marine  
  53  7:26  Marine  
  53  7:29  SCV  
  55  7:36  Refinery  
  55  7:38  Command Center  
  55  7:41  Refinery  
  55  7:59  Marine  
  55  8:06  Barracks Tech Lab  
  55  8:09  Marine, SCV  
  58  8:19  Marine  
  59  8:23  Marine  
  60  8:34  Marine  
  60  8:35  Factory  
  61  8:43  Supply Depot  
  61  8:44  Marine  
  62  8:54  Marine  
  63  9:20  SCV, Supply Depot  
  64  9:31  Orbital Command  
  64  9:37  SCV  
  65  9:54  SCV  
  64  10:05  Orbital Command  
  64  10:11  SCV  
  65  10:28  SCV  
  34  11:21  SCV  
  29  11:38  SCV  
  26  11:49  SCV  
  27  11:55  SCV  
  28  12:05  SCV  
  28  12:09  SCV  
  30  12:11  SCV  
  31  12:22  SCV  
  31  12:25  SCV  
  31  12:26  Marine x2  
  31  12:28  SCV  
  36  12:36  Marine  
  36  12:37  Marine  
  36  12:39  SCV  
  39  12:42  SCV  
  39  12:45  SCV  
  39  12:47  Marine x2  
  42  12:56  SCV  
  42  12:57  Marine x2  
  42  12:59  SCV  
  45  13:02  SCV  
  45  13:07  Marine x2  
  45  13:08  Starport  
  48  13:13  SCV  
  48  13:16  SCV  
  48  13:19  SCV  
  45  13:20  Starport  
  45  13:30  Marine x2, SCV  
  48  13:40  Marine x2  
  48  13:47  SCV  
  51  13:50  Medic  
  51  13:57  Barracks Tech Lab  
  54  14:00  Medic  
  56  14:10  Medic, Starport Tech Lab  
  56  14:15  Marine  
  58  14:21  Fusion Core, Marine  
  58  14:25  Marine  
  60  14:30  Starport Tech Lab  
  60  14:31  Armory  
  60  14:34  SCV  
  61  14:42  SCV  
  61  14:47  SCV  
  63  14:51  SCV  
  63  14:59  SCV  
  65  15:04  SCV  
  65  15:05  Starport  
  65  15:08  SCV  
  67  15:16  SCV  
  67  15:18  Marine  
  68  15:21  Marine, SCV  
  68  15:25  SCV  
  68  15:28  Marine  
  72  15:31  Marine  
  72  15:33  SCV  
  72  15:38  Marine, SCV  
  75  15:41  Marine  
  75  15:42  SCV  
  75  15:48  Marine  
  78  15:50  SCV  
  78  15:51  Marine  
  78  15:53  Terran Vehicle And Ship Armor Level 1  
  78  15:55  SCV  
  78  15:58  Marine  
  82  16:00  SCV  
  82  16:01  Marine  
  82  16:08  SCV  
  86  16:17  SCV  
  87  16:25  SCV  
  88  16:34  SCV  
  89  16:42  SCV  
  86  16:51  SCV  
  86  16:59  SCV  
  88  17:06  Starport Tech Lab  
  88  17:08  Battlecruiser x2, SCV  
  84  17:16  SCV  
  84  17:19  Weapon Refit  
  97  17:42  Orbital Command  
  97  17:49  Battlecruiser  
  97  17:50  Battlecruiser  
  97  17:51  Battlecruiser  
  115  18:20  Supply Depot  
  115  18:28  Supply Depot  
  115  18:32  Battlecruiser  
  115  18:33  Terran Vehicle and Ship Weapons Level 1  
  115  18:35  Supply Depot  
  121  18:42  Supply Depot  
  121  18:48  Battlecruiser  
  121  18:51  Supply Depot  
  127  19:00  Supply Depot  
  127  19:09  Supply Depot  
  127  19:14  Supply Depot  
  109  19:51  Battlecruiser x2  
  109  19:52  Battlecruiser  
  121  20:09  Marine  
  115  20:11  Marine  
  115  20:19  Marine  
  124  20:30  Marine  
  116  20:34  Battlecruiser x3  
  131  20:40  Marine  
  131  20:50  Marine  
  132  21:17  Battlecruiser x3  
  150  21:58  Terran Vehicle and Ship Weapons Level 2  
  150  21:59  Battlecruiser  
  133  22:00  Battlecruiser  
  138  22:49  Battlecruiser  
  132  24:45  Battlecruiser x2  
  132  24:46  Battlecruiser  
Tags
 
Commander
AlarakRaynor
Matchup
Co-op
Replay Pack
Multiplayer
Add a new tag
Caveats
  • Supply blocks, unpowered buildings, or Contaminate may cause inaccurate times.
  • Supply counts are checked every 10 seconds.